 Dungeon Crawl Stone Soup version 0.27.1-1-g398f81649c (webtiles) character file.

Game seed: 5474244124309266129

26 nxtlvl the Ruffian (level 2, 22/23 HPs)
             Began as a Minotaur Transmuter on Sept 6, 2021.
             Quit the game on level 2 of the Dungeon.
             The game lasted 00:02:29 (223 turns).

nxtlvl the Ruffian (Minotaur Transmuter)             Turns: 223, Time: 00:02:30

Health: 22/23      AC:  2    Str: 14    XL:     2   Next: 89%
Magic:  3/3        EV: 12    Int: 10    God:
Gold:   11         SH:  0    Dex: 10    Spells: 0/3 levels left

rFire    . . .     SeeInvis .     - Unarmed
rCold    . . .     Faith    .   (no shield)
rNeg     . . .     Spirit   .   a - +0 robe
rPois    .         Reflect  .   (helmet restricted)
rElec    .         Harm     .   (no cloak)
rCorr    .         Rampage  .   (no gloves)
Will     .....                  (no boots)
Stlth    +.........             (no amulet)
HPRegen  0.07/turn              (no ring)
MPRegen  0.08/turn              (no ring)

@: no status effects
A: horns 2, retaliatory headbutt
a: no special abilities


You were on level 2 of the Dungeon.
You visited 1 branch of the dungeon, and saw 2 of its levels.

You collected 11 gold pieces.

Inventory:

Hand Weapons
 c - a +0 hunting sling
Armour
 a - a +0 robe (worn)


   Skills:
 - Level 1.2 Fighting
 - Level 2.1 Dodging
 * Level 4.2 Unarmed Combat
 - Level 1.3 Spellcasting
 + Level 2.1 Transmutations


You couldn't memorise any spells.
You knew the following spells:

 Your Spells              Type           Power      Damage    Failure   Level
a - Beastly Appendage     Tmut           8%         N/A       14%         1
s - Wereblood             Tmut           4%         N/A       22%         2

Your spell library contained the following spells:

 Spells                   Type           Power      Damage    Failure   Level
 Spider Form              Tmut/Pois      1%         N/A       54%         3
 Ice Form                 Ice/Tmut       2%         N/A       91%         4


Dungeon Overview and Level Annotations

Branches:
Dungeon (2/15)

Altars:


Innate Abilities, Weirdness & Mutations

You have a pair of horns on your head.
You reflexively headbutt those who attack you in melee.


Message History

Adjust which spell? b - Wereblood Adjust to which letter? s - Wereblood You open the door.
There is an open door here.
Found a scroll labelled VIOWKIH GECWUESIGH.
Found 11 gold pieces.
You now have 11 gold pieces.
Found a robe.
You see here a +0 robe.
A hobgoblin comes into view.
The hobgoblin closely misses you.
You hit the hobgoblin. Your headbutt misses the hobgoblin.
The hobgoblin is moderately wounded.
The hobgoblin hits you.
You closely miss the hobgoblin.
The hobgoblin is moderately wounded.
The hobgoblin hits you but does no damage.
You hit the hobgoblin but do no damage.
The hobgoblin is moderately wounded.
The hobgoblin hits you.
You barely miss the hobgoblin. The hobgoblin closely misses you.
You closely miss the hobgoblin. The hobgoblin closely misses you.
You closely miss the hobgoblin. The hobgoblin closely misses you.
You barely miss the hobgoblin. The hobgoblin barely misses you.
You hit the hobgoblin.
The hobgoblin is severely wounded.
You hit the hobgoblin but do no damage.
The hobgoblin is severely wounded.
The hobgoblin misses you.
You barely miss the hobgoblin. You headbutt the hobgoblin.
You kill the hobgoblin!
Found a robe and 24 stones.
As you read the scroll labelled XISONU GIENWOMN, it crumbles to dust.
You feel aware of your surroundings.
You sensed 1 shop/portal.
It was a scroll of magic mapping.
As you read the scroll labelled FOLUYNA VAHOR, it crumbles to dust.
The scroll dissolves into smoke.
It was a scroll of fog.
Are you sure you want to abandon this character and quit the game? (Confirm with "yes".)

***#.....#.#.#
#.[...#.#.#
#.....#.#.#
*#....#.#.#
######.#.####
#.....#....#
#.#####..#§#
###.########§###
#.#.#......§§@§#
#.#...######§#§# *
#.##.........#§# #
#.##.#.#.#..##.# #
#.##.........#.# *
#.##.#.#.#.#.#.#
####.##...........#
........#.#.#.#..##
######...........#


There were no monsters in sight!

Vanquished Creatures
  2 adders (D:2)
  A goblin (D:2)
  A hobgoblin (D:2)
  3 jackals (D:2)
  A kobold (D:2)
8 creatures vanquished.

Notes
Turn   | Place    | Note
-------+----------+-------------------------------------------
     0 | D:1      | nxtlvl the Minotaur Transmuter began the quest for the Orb.
     0 | D:1      | Reached XP level 1. HP: 16/16 MP: 1/1
    60 | D:2      | Reached XP level 2. HP: 21/23 MP: 3/3
   105 | D:2      | Reached skill level 4 in Unarmed Combat
   109 | D:2      | Learned a level 2 spell: Wereblood
   223 | D:2      | Quit the game

Illustrated notes

Levels and vault maps discovered:
D:1:      psy_arrival_spokes, layout_loops_ring, serial_aquarium,
          aquarium_bridge_square [aquarium_subvault_window,
          aquarium_subvault_bridge, aquarium_subvault_bridge,
          aquarium_subvault_bridge], aquarium_window_1, aquarium_window_2,
          aquarium_view_2b, aquarium_balcony_3b, aquarium_pool_2,
          ebering_ecumenical_altar_petrified
D:2:      layout_basic, serial_co_window_serial, co_window_paths_a,
          co_window_paths_b, co_window_paths_a, co_window_paths_a,
          co_window_corner_a, co_window_of_opportunity_a, co_window_paths_a,
          co_window_corner_a, co_window_paths_a, co_window_unsneaky_path_b,
          co_window_2corner, co_window_broadway_c, co_window_broadway_b,
          co_window_paths_e, glass_columns_c, serial_shops, shop

Skill      XL: |  1  2 |
---------------+-------+-----
Unarmed Combat | 4 |  4.2
Transmutations | 2 |  2.1
Fighting       | |  1.2
Dodging        | |  2.1
Spellcasting   | |  1.3

Action                   || total
-------------------------++-------
Melee: Unarmed           ||    25
       Headbutt          ||     2
  Use: Scroll            ||     2
Armor: Robe              ||     2
Dodge: Dodged            ||    13
